 Dungeon Crawl Stone Soup version 0.29-a0-323-g050149af67 (webtiles) character file.

Game seed: 6462622302915189806

978 spaghetti the Magician (level 8, -5/52 HPs)
             Began as an Octopode Conjurer on Apr 11, 2022.
             Was a Believer of Ignis.
             Slain by a boulder beetle (23 damage)
             ... on level 6 of the Dungeon.
             The game lasted 00:06:50 (5746 turns).

spaghetti the Magician (Octopode Conjurer)          Turns: 5746, Time: 00:06:50

Health: -5/52      AC:  1    Str:  6    XL:     8   Next: 17%
Magic:  5/18       EV: 13    Int: 23    God:    Ignis [**....]
Gold:   260        SH:  0    Dex: 16    Spells: 7/21 levels left

rFire   + . .      SeeInvis .   u - +0 rapier {short}
rCold   . . .      Faith    .   (no shield)
rNeg    . . .      Spirit   .   (helmet restricted)
rPois   +          Reflect  .   (no amulet)
rElec   .          Harm     .   B - ring of poison resistance
rCorr   .          Rampage  .   E - +6 ring of dexterity
Will    .....                   (no ring)
Stlth   +++.......              (no ring)
HPRegen 0.17/turn               (no ring)
MPRegen 0.16/turn               (no ring)
                                (no ring)
                                (no ring)

@: very slightly contaminated
A: almost no armour, amphibious, 8 rings, camouflage 1, gelatinous body 1,
(nimble swimmer 1), tentacles
a: Renounce Religion, Fiery Armour, Foxfire Swarm, Rising Flame


You were on level 6 of the Dungeon.
You worshipped Ignis.
Ignis was pleased with you.
You visited 1 branch of the dungeon, and saw 6 of its levels.

You collected 260 gold pieces.


Innate Abilities, Weirdness & Mutations

You cannot wear most types of armour.
You are amphibious.
You can wear up to eight rings at the same time.
Your skin changes colour to match your surroundings (Stealth+).
Your rubbery body absorbs attacks. (AC +1, EV +1)
((You are camouflaged when in or above water. (Stealth+)))
You have tentacles for arms and can constrict up to eight enemies at once.


   Skills:
 + Level 3.0 Fighting
 - Level 2.0 Dodging
 - Level 2.6 Stealth
 - Level 7.0 Spellcasting
 - Level 6.0 Conjurations


You had 7 spell levels left.
You knew the following spells:

 Your Spells              Type           Power      Damage    Failure   Level
a - Magic Dart            Conj           100%       1d8       1%          1
b - Searing Ray           Conj           70%        2d7       1%          2
c - Mephitic Cloud        Conj/Pois/Air  17%        N/A       10%         3
d - Fulminant Prism       Conj/Hex       10%        3d9       22%         4
e - Iskenderun's Mystic   Conj/Tloc      21%        2d6       22%         4

Your spell library contained the following spells:

 Spells                   Type           Power      Damage    Failure   Level
 Dazzling Flash           Conj/Hex       42%        N/A       7%          3
 Call Imp                 Summ           8%         N/A       12%         2
 Petrify                  Tmut/Erth      8%         N/A       58%         4
 Metabolic Englaciation   Hex/Ice        4%         N/A       91%         5
 Statue Form              Tmut/Erth      5%         N/A       100%        6

Inventory:

Hand Weapons
 u - a +0 rapier (weapon) {short}
   (You found it on level 2 of the Dungeon)
Missiles
 c - 142 stones {throwing}
 d - 11 poisoned darts {throwing}
 p - 4 boomerangs {throwing}
 C - 6 silver boomerangs {throwing}
Jewellery
 B - a ring of poison resistance (left tentacle)
   (You found it on level 5 of the Dungeon)
 E - a +6 ring of dexterity (right tentacle)
   (You found it on level 6 of the Dungeon)
Wands
 D - a wand of iceblast (14)
   (You found it on level 5 of the Dungeon)
Scrolls
 b - 5 scrolls of identify {unknown}
 j - a scroll of fog {unknown}
 k - 4 scrolls of amnesia {unknown}
 l - a scroll of brand weapon {unknown}
 n - 4 scrolls of teleportation {unknown}
 t - a scroll of immolation {unknown}
 x - a scroll of magic mapping {unknown}
 y - a scroll of vulnerability {unknown}
Potions
 a - a potion of magic
 f - 2 potions of heal wounds {unknown}
 g - 2 potions of curing {unknown}
 h - a potion of degeneration {unknown}
 i - 2 potions of cancellation {unknown}
 m - 2 potions of mutation {unknown}
 o - 2 potions of might {unknown}
 q - 3 potions of haste {unknown}
 r - a potion of invisibility {unknown}
 s - a potion of flight {unknown}
 v - 2 potions of ambrosia {unknown}
 w - a potion of berserk rage {unknown}
 z - a potion of attraction {unknown}
 A - a potion of lignification {unknown}

Dungeon Overview and Level Annotations

Branches:
Dungeon (6/15)             Temple (0/1) D:4

Altars:
Xom
Ignis

################
#..............#
#..............#
#.....S........#
#...S...#'#######
#....@..#........
#.....B.#.#######
#.....S.#.#########
#.......5..........
#..†.####.###########.
#..<.# #............)
#.....# #############.
#.##### #.


You could see a boulder beetle (ally target), 3 friendly adders and a friendly
shadow imp (summoned).


Message History

The orc shouts!
A boulder beetle comes into view. 😎 MP[-1]
You lost 1 mp, and now have 17/18 mp.
The magic dart hits the boulder beetle. 😎 MP[-1]
You lost 1 mp, and now have 16/18 mp.
The magic dart hits the orc.
You kill the orc! 😎 MP[-1]
You lost 1 mp, and now have 15/18 mp.
The magic dart hits the boulder beetle but does no damage.
The boulder beetle leaps! 😎 MP[-1]
You lost 1 mp, and now have 14/18 mp.
You start resting.
A boulder beetle is nearby! 😎 MP[+1] Unknown command.
Casting: Magic Dart (safe; 1% risk of failure)
Confirm with . or Enter, or press ? or * to list all spells.
Aiming: Mephitic Cloud (dangerous; 10% risk of failure)
Press: ? - help, Shift-Dir - straight line, p - boulder beetle The ball explodes into a vile cloud! 😎 MP[-3]
You lost 3 mp, and now have 12/18 mp.
Casting: Mephitic Cloud (dangerous; 10% risk of failure)
Confirm with . or Enter, or press ? or * to list all spells.
You can't see any susceptible monsters within range! (Use Z to cast anyway.)
Casting: Mephitic Cloud (dangerous; 10% risk of failure)
Confirm with . or Enter, or press ? or * to list all spells.
Aiming: Mephitic Cloud (dangerous; 10% risk of failure)
Press: ? - help, Shift-Dir - straight line, f - you
Okay, then. 😎 MP[+1]
Casting: Mephitic Cloud (dangerous; 10% risk of failure)
Confirm with . or Enter, or press ? or * to list all spells.
Aiming: Mephitic Cloud (dangerous; 10% risk of failure)
Press: ? - help, Shift-Dir - straight line, f - boulder beetle
Aim: a boulder beetle (chance to affect: 43%)
The ball explodes into a vile cloud!
The stinking cloud engulfs the boulder beetle but does no damage.
The boulder beetle is engulfed in noxious fumes. 😎 MP[-3]
You lost 3 mp, and now have 10/18 mp.
Unknown command.
Casting: Mephitic Cloud (dangerous; 10% risk of failure)
Confirm with . or Enter, or press ? or * to list all spells.
Aiming: Mephitic Cloud (dangerous; 10% risk of failure)
Press: ? - help, Shift-Dir - straight line, f/p - boulder beetle
Aim: a boulder beetle (noxious fumes, chance to affect: 43%)
The ball explodes into a vile cloud!
The stinking cloud engulfs the boulder beetle but does no damage.
The boulder beetle is engulfed in noxious fumes. 😎 MP[-3]
You lost 3 mp, and now have 7/18 mp.
Unknown command.
Casting: Mephitic Cloud (dangerous; 10% risk of failure)
Confirm with . or Enter, or press ? or * to list all spells.
Aiming: Mephitic Cloud (dangerous; 10% risk of failure)
Press: ? - help, Shift-Dir - straight line, f/p - boulder beetle
Aim: a boulder beetle (noxious fumes, chance to affect: 43%)
You miscast Mephitic Cloud.
You are very lightly contaminated with residual magic.
Nothing appears to happen.
The boulder beetle is engulfed in noxious fumes. 😎 MP[-3]
You lost 3 mp, and now have 4/18 mp.
Unknown command.
Okay, then.
Okay, then.
The boulder beetle attacks as you move away!
The boulder beetle bites you!!
Ouch! That really hurt!
* * * LOW HITPOINT WARNING * * *
😨 HP[-30] MP[+1]
You take 30 damage, and now have 22/52 hp.
MASSIVE DAMAGE!! (PAUSE) Unknown command.
Okay, then.
As you read the scroll of summoning, it crumbles to dust.
Wisps of shadow whirl around you...
The boulder beetle waves its antennae.
The boulder beetle misses you.
Unknown command.
The boulder beetle attacks as you move away!
The boulder beetle bites you.
* * * LOW HITPOINT WARNING * * *
Your shadow imp hits the boulder beetle. 😨 HP[-5]
You take 5 damage, and now have 17/52 hp.
Your adder bites the boulder beetle but does no damage.
Your shadow imp gestures at the boulder beetle.
The boulder beetle resists with significant effort. 😨 HP[+1] Unknown command.
Okay, then.
As you read the scroll of summoning, it crumbles to dust.
Wisps of shadow whirl around you... The boulder beetle bites you!!
You die...

Skill      XL: |  1  2  3  4  5  6  7  8 |
---------------+-------------------------+-----
Spellcasting   | 3 4 5 7 |  7.0
Conjurations   | 5 6 |  6.0
Fighting       | 2 3 |  3.0
Dodging        | |  2.0
Stealth        | |  2.6

Action                   |  1- 3 |  4- 6 |  7- 9 || total
-------------------------+-------+-------+-------++-------
Melee: Unarmed           |    22 |       |       ||    22
       Constrict         |     5 |     1 |     2 ||     8
       Tentacles         |     1 |       |       ||     1
       Rapier            |       |     2 |     6 ||     8
 Cast: Magic Dart        |    58 |    40 |    45 ||   143
       Searing Ray       |     1 |     1 |     7 ||     9
       Mephitic Cloud    |       |       |     3 ||     3
Invok: Foxfire Swarm     |     1 |     3 |     1 ||     5
  Use: Scroll            |       |     1 |     2 ||     3
 Stab: Sleeping          |     1 |       |       ||     1
Armor: Skin              |     3 |       |       ||     3
Dodge: Dodged            |    22 |    11 |    19 ||    52

Levels and vault maps discovered:
D:1:      dpeg_arrival_solitude, layout_basic,
          hellmonk_ecumenical_altar_inner_sanctum, nrook_uturn,
          hangedman_glass_teeth, minivault_26, feat_on_display
D:2:      layout_basic, serial_rivers, chequers_serial_rivers_micro_c,
          chequers_serial_rivers_micro_b, chequers_serial_rivers_micro_e,
          chequers_serial_rivers_small_b, chequers_serial_rivers_micro_b,
          serial_bayou_pond_e
D:3:      layout_rooms
D:4:      layout_basic, temple_hall, minmay_lizard_king, uniq_grinder
D:5:      layout_loops_cross, kennysheep_little_box, serial_bayou_pond_c,
          small_statue_intersection
D:6:      layout_basic, amethyst_overflow_temple_binary, uniq_maggie

Notes
Turn   | Place    | Note
-------+----------+-------------------------------------------
     0 | D:1      | spaghetti the Octopode Conjurer began the quest for the
                  | Orb.
     0 | D:1      | Reached XP level 1. HP: 11/11 MP: 3/3
     0 | D:1      | magus.rc [v1.9.6]
   461 | D:1      | Reached XP level 2. HP: 17/17 MP: 3/5
  1120 | D:1      | Found a faded altar of an unknown god.
  1235 | D:1      | Prayed at the altar of an unknown god.
  1235 | D:1      | Became a worshipper of Ignis, the Dying Flame
  1463 | D:2      | Reached XP level 3. HP: 20/21 MP: 2/7
  1478 | D:2      | Learned a level 2 spell: Searing Ray
  1667 | D:2      | Reached skill level 3 in Spellcasting
  2281 | D:2      | Reached XP level 4. HP: 27/27 MP: 7/9
  2818 | D:3      | You pick up a book of Minor Magic and begin reading...
  2818 | D:3      | You add the spells Call Imp and Mephitic Cloud to your
                  | library.
  3488 | D:4      | Reached skill level 4 in Spellcasting
  3488 | D:4      | Reached XP level 5. HP: 31/31 MP: 4/11
  3492 | D:4      | Learned a level 3 spell: Mephitic Cloud
  3581 | D:4      | Noticed a centaur
  3588 | D:4      | Killed a centaur
  3589 | D:4      | Reached skill level 5 in Conjurations
  3590 | D:4      | Reached XP level 6. HP: 10/36 MP: 11/13
  3820 | D:4      | Noticed Grinder
  3825 | D:4      | Killed Grinder
  3826 | D:4      | Reached skill level 5 in Spellcasting
  3857 | D:4      | You pick up a book of Sloth and begin reading...
  3857 | D:4      | You add the spells Petrify, Metabolic Englaciation and
                  | Statue Form to your library.
  4114 | D:4      | Reached XP level 7. HP: 41/41 MP: 9/15
  4160 | D:4      | Found a staircase to the Ecumenical Temple.
  4177 | D:5      | Entered Level 5 of the Dungeon
  4647 | D:5      | Reached skill level 6 in Spellcasting
  4647 | D:5      | Reached skill level 6 in Conjurations
  5077 | D:5      | Learned a level 4 spell: Fulminant Prism
  5082 | D:5      | Learned a level 4 spell: Iskenderun's Mystic Blast
  5116 | D:5      | Reached skill level 7 in Spellcasting
  5118 | D:5      | Reached skill level 2 in Fighting
  5118 | D:5      | Reached XP level 8. HP: 39/50 MP: 12/18
  5409 | D:5      | Found a shimmering altar of Xom.
  5659 | D:6      | Reached skill level 3 in Fighting
  5724 | D:6      | Noticed a boulder beetle
  5746 | D:6      | Slain by a boulder beetle

Vanquished Creatures
  Grinder (D:4)
  A black bear (D:5)
  A centaur (D:4)
  A phantom (D:5)
  A necrophage (D:5)
  2 scorpions (D:5)
  2 hounds
  2 orc priests
  2 jellies
  An iguana (D:6)
  An orc wizard (D:5)
  5 adders
  A white imp (D:5)
  2 dart slugs
  3 orcs
  4 ball pythons
  4 endoplasms
  4 giant cockroaches
  5 goblins
  7 hobgoblins
  6 jackals (D:2)
  A kobold (D:2)
  4 quokkas
  6 bats
  5 frilled lizards
  5 rats
77 creatures vanquished.

Vanquished Creatures (collateral kills)
  2 foxfires (D:5)
2 creatures vanquished.

Vanquished Creatures (others)
  76 foxfires
  4 plants (D:5)
80 creatures vanquished.

Grand Total: 159 creatures vanquished

Table legend:
 A = Non-vault XP
 B = Vault XP
 C = Vault XP percentage of total XP
 D = Non-vault monster count
 E = Vault monster count
 F = Vault count percentage of total count
                 A         B        C        D         E       F
            +---------+---------+-------+---------+---------+-------
      Total |    1121 |     277 |  19.8 |      76 |       1 |   1.3
            +---------+---------+-------+---------+---------+-------
        D:1 |      31 |       0 |   0.0 |      20 |       0 |   0.0
        D:2 |      62 |       0 |   0.0 |      21 |       0 |   0.0
        D:3 |      56 |       0 |   0.0 |       9 |       0 |   0.0
        D:4 |     270 |     277 |  50.6 |      10 |       1 |   9.1
        D:5 |     660 |       0 |   0.0 |      14 |       0 |   0.0
        D:6 |      42 |       0 |   0.0 |       2 |       0 |   0.0
            +---------+---------+-------+---------+---------+-------

Illustrated notes

Table legend:
 A = Kills in this place as a percentage of kills in entire the game.
 B = Kills by you in this place as a percentage of kills by you in the entire game.
 C = Kills by friends in this place as a percentage of kills by friends in the entire game.
 D = Other kills in this place as a percentage of other kills in the entire game.
 E = Experience gained in this place as a percentage of experience gained in the entire game.
 F = Experience gained in this place divided by the number of levels of this place that you have seen.
                   A       B       C       D       E      F
               +-------+-------+-------+-------+-------+----------------------
         Total | 100.0 | 100.0 |   N/A |   N/A | 100.0 | 233.0
       Dungeon | 100.0 | 100.0 |   N/A |   N/A | 100.0 | 233.0
               +-------+-------+-------+-------+-------+----------------------

Table legend: (Time is in decaauts)
 A = Elapsed time spent in this place.
 B = Non-inter-level travel time spent in this place.
 C = Inter-level travel time spent in this place.
 D = Time resting spent in this place.
 E = Time spent auto-exploring this place.
 F = Levels seen in this place.
 G = Mean time per level.
                   A        B        C        D        E       F      G
               +--------+--------+--------+--------+--------+-----+--------+
         Total |   5747 |   5597 |    150 |   1057 |   4114 |   6 |  957.8 |
       Dungeon |   5747 |   5597 |    150 |   1057 |   4114 |   6 |  957.8 |
               +--------+--------+--------+--------+--------+-----+--------+

Top non-repeatable levels by time:
     D:1: 1457 daAuts
     D:2: 1339 daAuts
     D:4: 1202 daAuts
     D:5: 1092 daAuts
     D:3: 563 daAuts
     D:6: 93 daAuts
